 Dungeon Crawl Stone Soup version 0.22-a0-877-g5c4e1afb51 (console) character file.

85 Lexodia the Cudgeler (level 4, -2/48 HPs)
             Began as an Ogre Berserker on July 29, 2018.
             Was a Believer of Trog.
             Slain by Crazy Yiuf
             ... wielding a +4 quarterstaff of chaos
              (3 damage)
             ... on level 3 of the Dungeon.
             The game lasted 00:03:03 (1558 turns).

Lexodia the Cudgeler (Ogre Berserker)               Turns: 1558, Time: 00:03:03

Health: -2/48      AC:  3    Str: 22    XL:     4   Next: 48%
Magic:  4/4        EV: 10    Int: 13    God:    Trog [**....]
Gold:   172        SH:  0    Dex:  8    Spells: 3/3 levels left

rFire    . . .     SeeInvis .   a - +0 mace
rCold    . . .     Gourm    +   (no shield)
rNeg     . . .     Faith    .   b - +0 animal skin
rPois    .         Spirit   .   (helmet restricted)
rElec    .         Reflect  .   (no cloak)
rCorr    .         Harm     .   (gloves unavailable)
MR       .....                  (boots unavailable)
Stlth    +.........             m - amulet of the gourmand
HPRegen  0.16/turn              o - +5 ring of intelligence
MPRegen  0.09/turn              (no ring)

@: lethally poisoned (-2 -> -6), hasted, very quick
A: large, unfitting armour, tough skin 1
a: Berserk, Trog's Hand, Renounce Religion


You were on level 3 of the Dungeon.
You worshipped Trog.
Trog was pleased with you.
You were completely stuffed.

You visited 1 branch of the dungeon, and saw 3 of its levels.

You collected 172 gold pieces.

Inventory:

Hand Weapons
 a - a +0 mace (weapon)
Armour
 b - a +0 animal skin (worn)
Jewellery
 l - an uncursed ring of ice
 m - an amulet of the gourmand (around neck)
 o - a +5 ring of intelligence (left hand)
Scrolls
 e - 3 scrolls of identify {unknown}
 g - a scroll of noise {unknown}
 h - a scroll of magic mapping {unknown}
 j - 2 scrolls of remove curse {unknown}
 n - 2 scrolls of immolation {unknown}
Potions
 d - a potion of might {unknown}
 f - 2 potions of berserk rage {unknown}
 i - a potion of curing {unknown}
 k - 2 potions of cancellation {unknown}
 p - 2 potions of magic {unknown}
Comestibles
 c - 5 rations


   Skills:
 - Level 4.0 Fighting
 + Level 4.4 Maces & Flails
 - Level 3.0 Dodging


You had 3 spell levels left.
You didn't know any spells.
Your spell library was empty.

Dungeon Overview and Level Annotations

Branches:
Dungeon (3/15)

Altars:
Dithmenos
Makhleb

Annotations:
D:3 1 runed door, Crazy Yiuf; P0WERM0DE's ghost, amateur FoFi


Innate Abilities, Weirdness & Mutations

You are too large for most types of armour.
You have tough skin. (AC +1)


Message History

You hit Crazy Yiuf.
Crazy Yiuf is severely wounded.
You feel sick. Crazy Yiuf barely misses you.
You barely miss Crazy Yiuf.
Crazy Yiuf is severely wounded.
You feel sick. Crazy Yiuf barely misses you.
Damage: -2%(-1hp) hp: 48%(23hp)
You hit Crazy Yiuf but do no damage.
Crazy Yiuf is severely wounded.
You feel sick.
Crazy Yiuf hits you with a quarterstaff of chaos!
* * * LOW HITPOINT WARNING * * *
You feel yourself speed up.
Huge Dmg: -23%(-11hp) hp: 25%(12hp)
You hit Crazy Yiuf.
Crazy Yiuf is almost dead.
Crazy Yiuf hits you with a quarterstaff of chaos!
* * * LOW HITPOINT WARNING * * *
Crazy Yiuf burns you.
You die...

#.######..#.#######........####
#..............................
####.##..##############..).....
#>....# #........... #.##..#
##### #........... #.##..#
#)..# #........... #.##..#
#...# #........... ######.##..#
#.g.# #........... ....##.##..#
#@# #........... ....'..##.##
♣.♣♣ #........... ....#####..#
♣♣.♣ #........... ....########
♣.♣♣ ##.......... ....'...#..#
♣♣.♣ #.......... ....###.#.##
♣.♣♣ ##...#+#+### #######.#.#
♣♣♣..♣ #......# #.....#.#
♣....♣ ####...# #.....#.#
#....# #...#..#


You could see Crazy Yiuf.

Vanquished Creatures
  A hound (D:2)
  2 dart slugs (D:1)
  4 leopard geckos
  An orc (D:3)
  4 giant cockroaches
  3 goblins
  3 hobgoblins
  7 jackals
  8 kobolds
  A ball python (D:3)
  A frilled lizard (D:1)
  6 rats
41 creatures vanquished.

Notes
Turn   | Place    | Note
-------+----------+-------------------------------------------
     0 | D:1      | Lexodia the Ogre Berserker began the quest for the Orb.
     0 | D:1      | Reached XP level 1. HP: 24/24 MP: 1/1
    71 | D:1      | Reached XP level 2. HP: 22/32 MP: 2/2
   246 | D:1      | Huge Dmg: 4 dmg
   375 | D:1      | Reached ** piety under Trog
   375 | D:1      | Reached XP level 3. HP: 17/39 MP: 3/3
  1057 | D:2      | Found a shadowy altar of Dithmenos.
  1124 | D:2      | Found a burning altar of Makhleb.
  1129 | D:2      | Reached XP level 4. HP: 41/48 MP: 4/4
  1466 | D:3      | Found a runed door.
  1528 | D:3      | Noticed P0WERM0DE's ghost (amateur FoFi)
  1544 | D:3      | Found a runed door.
  1548 | D:3      | Noticed Crazy Yiuf
  1555 | D:3      | Huge Dmg: 10 dmg
  1558 | D:3      | Huge Dmg: 11 dmg
  1558 | D:3      | HP: 1/48 [Crazy Yiuf/quarterstaff of chaos (11)]
  1558 | D:3      | Slain by Crazy Yiuf

Vault maps used:
D:1:      minmay_arrival_arboretum_small, minivault_11
D:2:      makhleb_blood_cavern_becter, first_ration, minmay_misc_feat_cross,
          grunt_dithmenos_smoke
D:3:      lightli_temple_of_fire, vehumet_crystals,
          gammafunk_temple_overflow_wave, ebering_ghost_reflecting_pool,
          yredelemnul_altar_generic, uniq_crazy_yiuf_cottage

Skill      XL: |  1  2  3 |
---------------+----------+-----
Maces & Flails | 3 4 |  4.4
Dodging        | 3 |  3.0
Fighting       | |  4.0

Action                   |  1- 3 |  4- 6 || total
-------------------------+-------+-------++-------
Melee: Mace              |   149 |    22 ||   171
 Stab: Distracted        |     1 |       ||     1
  Eat: Chunk             |     7 |     7 ||    14
Armor: Animal skin       |    50 |     1 ||    51
Dodge: Dodged            |    89 |    10 ||    99

Table legend:
 A = Spawn XP
 B = Non-spawn XP
 C = Spawn XP percentage of total XP
 D = Spawn monster count
 E = Non-spawn monster count
 F = Spawn count percentage of total count
 G = Total turns spent on level
                    A         B        C        D         E        F      G
               +---------+---------+-------+---------+---------+-------+---------
         Total |       0 |     122 |   0.0 |       0 |      41 |   0.0 |  1558
               +---------+---------+-------+---------+---------+-------+---------
           D:1 |       0 |      46 |   0.0 |       0 |      25 |   0.0 |   684
           D:2 |       0 |      65 |   0.0 |       0 |      11 |   0.0 |   656
           D:3 |       0 |      11 |   0.0 |       0 |       5 |   0.0 |   218
               +---------+---------+-------+---------+---------+-------+---------
